 Dungeon Crawl Stone Soup version 0.21-a0-221-gfe971b9 (webtiles) character file.

60 tidbits the Bolt Thrower (level 3, 0/33 HPs)
             Began as a Draconian Wanderer on Aug 26, 2017.
             Killed from afar by an orc wizard (6 damage)
             ... with a magic dart
             ... on level 3 of the Dungeon.
             The game lasted 00:05:29 (472 turns).

tidbits the Bolt Thrower (Draconian Wanderer)        Turns: 472, Time: 00:05:30

Health: 0/33       AC:  5    Str: 13    XL:     3   Next: 80%
Magic:  3/3        EV: 16    Int: 11    God:
Gold:   53         SH:  0    Dex: 18    Spells: 1/2 levels left

rFire    . . .     SeeInvis .   b - +0 hand crossbow
rCold    . . .     Gourm    .   (no shield)
rNeg     . . .     Faith    .   (armour unavailable)
rPois    .         Spirit   .   (helmet restricted)
rElec    .         Reflect  .   (no cloak)
rCorr    .         Harm     .   (no gloves)
MR       .....     Rnd*Tele +   (no boots)
Stlth    +++.......             (no amulet)
HPRegen  0.11/turn              h - ring of teleportation (curse)
MPRegen  0.08/turn              (no ring)

@: agile
A: unfitting armour, cold-blooded, AC +5
a: no special abilities


You were on level 3 of the Dungeon.
You were not hungry.

You visited 1 branch of the dungeon, and saw 3 of its levels.

You collected 53 gold pieces.

Inventory:

Hand Weapons
 a - a +3 dagger
 b - a +0 hand crossbow (weapon)
Missiles
 d - 5 bolts (quivered)
Jewellery
 h - a cursed ring of teleportation (left hand)
   (You found it on level 1 of the Dungeon)
Scrolls
 c - 3 scrolls of blinking
 e - a scroll of teleportation
Potions
 i - a potion of heal wounds {unknown}
Books
 g - a book of Changes
   (You found it on level 2 of the Dungeon)

   Spells                             Type                      Level
   a - Beastly Appendage              Transmutation                1
   b - Sticks to Snakes               Transmutation                2
   c - Spider Form                    Transmutation/Poison         3
   d - Ice Form                       Ice/Transmutation            4
   e - Blade Hands                    Transmutation                5
Comestibles
 f - a bread ration


   Skills:
 + Level 4.1 Fighting
 - Level 6.3 Crossbows
 - Level 1.7 Stealth


You had one spell level left.
You knew the following spells:

 Your Spells              Type           Power        Failure   Level  Hunger
e - Beastly Appendage     Tmut           #.....       34%         1    ##.....


Dungeon Overview and Level Annotations

Branches:
Dungeon (3/15)

Altars:
Dithmenos
Okawaru


Innate Abilities, Weirdness & Mutations

Your plain brown scales are hard. (AC +5)
You cannot fit into any form of body armour.
You are cold-blooded and may be slowed by cold attacks.


Message History

The bolt hits the orc but does no damage.
Firing (i - inventory):
d - 15 bolts (quivered)
Press: ? - help, Shift-Dir - straight line, f/p - orc
Aim: an orc, wielding a short sword You shoot a bolt.
The bolt hits the orc but does no damage.
You are suddenly yanked towards some nearby monsters!
Your surroundings suddenly seem different.
The orc shouts!
You hear a shout!
Found a metallic coppery potion and 3 scrolls of identify.
Found a shadowy altar of Dithmenos.
A goblin comes into view. It is wielding a dagger.
Unknown command.
Autopickup is now off.
You see here a metallic coppery potion.
Found 23 arrows.
A hobgoblin comes into view. It is wielding a club.
The hobgoblin shouts!
Found 24 stones.
A bullfrog comes into view.
A scorpion comes into view.
Found 17 arrows.
An orc and an orc wizard come into view.
An orc comes into view. It is wielding a whip.
The orc wizard shouts!
You hear a shout!
The orc wizard looks satisfied for a moment.
Firing (i - inventory):
d - 14 bolts (quivered)
Press: ? - help, Shift-Dir - straight line
Okay, then.
Firing (i - inventory):
d - 14 bolts (quivered)
Press: ? - help, Shift-Dir - straight line, f - orc
Aim: an orc, wielding a whip You shoot a bolt.
The bolt barely misses the orc wizard.
The bolt hits the orc!
You kill the orc!
The orc barely misses you.
Firing (i - inventory):
d - 13 bolts (quivered)
Press: ? - help, Shift-Dir - straight line, f/p - orc
Aim: an orc, wielding a whip You shoot a bolt.
The bolt closely misses the orc wizard.
The bolt completely misses the orc.
The orc hits you but does no damage.
The orc wizard mumbles some strange words.
The orc wizard seems to speed up.
Firing (i - inventory):
d - 12 bolts (quivered)
Press: ? - help, Shift-Dir - straight line, f/p - orc
Aim: an orc, wielding a whip You shoot a bolt.
The bolt barely misses the orc wizard.
The bolt hits the orc but does no damage.
The orc wizard casts a cantrip, but nothing happens.
The orc closely misses you.
An orc comes into view. It is wielding an enchanted dagger.
Firing (i - inventory):
d - 11 bolts (quivered)
Press: ? - help, Shift-Dir - straight line, f - orc, p - orc
Aim: an orc, wielding an enchanted dagger You shoot a bolt.
The bolt hits the orc.
The orc is severely wounded.
The orc barely misses you.
Firing (i - inventory):
d - 10 bolts (quivered)
Press: ? - help, Shift-Dir - straight line, f/p - orc
Aim: an orc, wielding an enchanted dagger You shoot a bolt.
The bolt hits the orc but does no damage.
The orc is severely wounded.
The orc closely misses you. The orc hits you with a flail!
* * * LOW HITPOINT WARNING * * *
Unknown command.
You feel better. The orc barely misses you.
You feel agile all of a sudden.
The orc wizard gestures wildly while chanting.
The orc wizard flickers and vanishes!
The orc barely misses you. The orc hits you but does no damage.
Firing (i - inventory):
d - 9 bolts (quivered)
Press: ? - help, Shift-Dir - straight line, f/p - orc
Aim: an orc, wielding an enchanted dagger You shoot a bolt.
The bolt hits the orc!
You kill the orc!
The orc barely misses you.
Firing (i - inventory):
d - 8 bolts (quivered)
Press: ? - help, Shift-Dir - straight line, f/p - orc
Aim: an orc, wielding an enchanted dagger You shoot a bolt.
The bolt closely misses the orc.
Something hits you but does no damage. The orc barely misses you.
Something hits you but does no damage.
Firing (i - inventory):
d - 7 bolts (quivered)
Press: ? - help, Shift-Dir - straight line, f/p - orc
Aim: an orc, wielding an enchanted dagger You shoot a bolt.
The bolt hits the orc.
The orc is moderately wounded.
Something completely misses you. The orc closely misses you.
You hear some strange, mumbled words.
A puff of frost appears from out of thin air!
The puff of frost hits you!
* * * LOW HITPOINT WARNING * * *
Firing (i - inventory):
d - 6 bolts (quivered)
Press: ? - help, Shift-Dir - straight line, f/p - orc
Aim: an orc, wielding an enchanted dagger (moderately wounded)
You shoot a bolt.
You hear some strange, mumbled words.
A magic dart appears from out of thin air!
The magic dart hits you!
You die...

#. #..§.# #.#.......
#.. #.§§§###.#.......
.#.##!.§o##..........
.....?.§§§.Fg........
####..##.§.#.##......
#...s...F###.r.# #
#s######## ###.# .
#F######..#
#oo@)o((..#
###########


You could see a bullfrog and 3 orcs.

Vanquished Creatures
  An orc priest (D:3)
  A worm (D:2)
  A dart slug (D:1)
  2 orcs (D:3)
  4 bats
  2 goblins (D:2)
  4 hobgoblins
  6 kobolds
  A frilled lizard (D:1)
  2 rats (D:1)
24 creatures vanquished.

Notes
Turn   | Place    | Note
-------+----------+-------------------------------------------
     0 | D:1      | tidbits the Draconian Wanderer began the quest for the Orb.
     0 | D:1      | tidbits set off with: a +2 dagger, a scroll of blinking, a +0 hand crossbow, 26 bolts, a scroll of teleportation, a bread ration
     0 | D:1      | Reached XP level 1. HP: 16/16 MP: 1/1
   122 | D:1      | Reached skill level 2 in Fighting
   126 | D:1      | Reached XP level 2. HP: 18/24 MP: 2/2
   265 | D:2      | Found an iron altar of Okawaru.
   299 | D:2      | Learned a level 1 spell: Beastly Appendage
   344 | D:3      | Reached skill level 3 in Fighting
   434 | D:3      | Reached skill level 4 in Fighting
   434 | D:3      | Reached XP level 3. HP: 9/33 MP: 3/3
   441 | D:3      | Found a shadowy altar of Dithmenos.
   449 | D:3      | Noticed a bullfrog
   453 | D:3      | Noticed a scorpion
   472 | D:3      | Killed from afar by an orc wizard

Vault maps used:
D:1:      mrwooster_arrival_arrow
D:2:      okawaru_ov_weapons_minmay, tgw_fedhas, serial_bayou_pond_a,
          ashenzari_altar_1
D:3:      grunt_temple_overflow_opulence, grunt_dithmenos_smoke

Skill      XL: |  1  2 |
---------------+-------+-----
Fighting       | 2 4 |  4.1
Crossbows      | |  6.3
Stealth        | |  1.7

Action                   || total
-------------------------++-------
Melee: Dagger            ||    14
 Fire: Hand crossbow     ||    53
  Use: Scroll            ||     5
       Potion            ||     2
Armor: Skin              ||     9
Dodge: Dodged            ||    25

Table legend:
 A = Spawn XP
 B = Non-spawn XP
 C = Spawn XP percentage of total XP
 D = Spawn monster count
 E = Non-spawn monster count
 F = Spawn count percentage of total count
 G = Total turns spent on level
                    A         B        C        D         E        F      G
               +---------+---------+-------+---------+---------+-------+---------
         Total |       0 |      86 |   0.0 |       0 |      24 |   0.0 |   472
               +---------+---------+-------+---------+---------+-------+---------
           D:1 |       0 |      19 |   0.0 |       0 |      11 |   0.0 |   247
           D:2 |       0 |      14 |   0.0 |       0 |       7 |   0.0 |   134
           D:3 |       0 |      53 |   0.0 |       0 |       6 |   0.0 |    91
               +---------+---------+-------+---------+---------+-------+---------

Table legend:
 A = Turns spent in this place as a percentage of turns spent in the entire game.
 B = Non-inter-level travel turns spent in this place as a percentage of non-inter-level travel turns spent in the entire game.
 C = Inter-level travel turns spent in this place as a percentage of turns spent in this place.
 D = Turns resting spent in this place as a percentage of non-inter-level travel turns spent in this place.
 E = Turns spent auto-exploring this place as a percentage of non-inter-level travel turns spent in this place.
 F = Non-inter-level travel turns spent in this place divided by the number of levels of this place that you've seen.
                   A       B       C       D       E      F
               +-------+-------+-------+-------+-------+----------------------
         Total | 100.0 | 100.0 |   0.0 |   0.0 |   0.0 | 157.3
       Dungeon | 100.0 | 100.0 |   0.0 |   0.0 |   0.0 | 157.3
               +-------+-------+-------+-------+-------+----------------------

Table legend:
 A = Kills in this place as a percentage of kills in entire the game.
 B = Kills by you in this place as a percentage of kills by you in the entire game.
 C = Kills by friends in this place as a percentage of kills by friends in the entire game.
 D = Other kills in this place as a percentage of other kills in the entire game.
 E = Experience gained in this place as a percentage of experience gained in the entire game.
 F = Experience gained in this place divided by the number of levels of this place that you have seen.
                   A       B       C       D       E      F
               +-------+-------+-------+-------+-------+----------------------
         Total | 100.0 | 100.0 |   N/A |   N/A | 100.0 |  28.7
       Dungeon | 100.0 | 100.0 |   N/A |   N/A | 100.0 |  28.7
               +-------+-------+-------+-------+-------+----------------------

Vault maps used:
D:1:      mrwooster_arrival_arrow
D:2:      okawaru_ov_weapons_minmay, tgw_fedhas, serial_bayou_pond_a,
          ashenzari_altar_1
D:3:      grunt_temple_overflow_opulence, grunt_dithmenos_smoke
